 Dungeon Crawl Stone Soup version 0.32-a0-938-g40ac7a0f4d (webtiles) character file.

Game seed: 13775724374345079907

597 Autsider the Shooter (level 7, -4/56 HPs)
             Began as a Formicid Hexslinger on Apr 15, 2024.
             Was a Follower of Elyvilon.
             Slain by Edmund
             ... wielding a +1 dire flail of holy wrath
              (7 damage)
             ... on level 5 of the Dungeon.
             The game lasted 00:07:58 (2929 turns).

Autsider the Shooter (Formicid Hexslinger)          Turns: 2929, Time: 00:07:59

Health: -4/56      AC: 10    Str: 17    XL:     7   Next: 68%
Magic:  8/8        EV: 11    Int: 12    God:    Elyvilon [*.....]
Gold:   165        SH:  0    Dex: 18    Spells: 8/8 levels left

rFire   . . .        u - +5 sling of the Candelabrum {freeze, Str+4}
rCold   . . .        (no shield)
rNeg    . . .        o - +1 robe
rPois   .            (helmet unavailable)
rElec   .            (no cloak)
rCorr   .            (no gloves)
SInv    +            m - +2 pair of boots
Will    .....        p - amulet of magic regeneration
Stlth   +++          k - +4 ring of protection
HPRegen 0.29/turn    (no ring)
MPRegen 0.51/turn

%: no passive effects
@: mighty, attractive
A: permanent stasis, dig shafts and tunnels, antennae 3, four strong arms
a: Dig, Shaft Self, Renounce Religion, Purification


You were on level 5 of the Dungeon.
You worshipped Elyvilon.
Elyvilon was aware of your devotion.
You visited 2 branches of the dungeon, and saw 6 of its levels.

You collected 165 gold pieces.

Inventory:

Hand Weapons
 a - a +1 sling
 u - the +5 sling of the Candelabrum (weapon) {freeze, Str+4}
   (You found it on level 3 of the Dungeon)

   Str+4:     It affects your strength (+4).
 y - a +2 dagger of venom
Missiles
 i - 11 boomerangs
Armour
 m - a +2 pair of boots (worn)
 o - a +1 robe (worn)
Jewellery
 c - a ring of fire
 k - a +4 ring of protection (left hand)
 p - an amulet of magic regeneration (around neck)
 x - an amulet of regeneration
Talismans
 s - a beast talisman
Scrolls
 b - a scroll of poison
 d - 3 scrolls of teleportation
 e - a scroll of butterflies {unknown}
 f - 2 scrolls of identify {unknown}
 g - a scroll of vulnerability {unknown}
 j - a scroll of enchant armour {unknown}
 q - a scroll of silence {unknown}
 z - a scroll of fog {unknown}
Potions
 h - a potion of attraction
 n - a potion of lignification {unknown}
 r - a potion of haste {unknown}
 t - a potion of degeneration {unknown}
 v - a potion of curing {unknown}
 w - a potion of magic


   Skills:
 - Level 5.0 Fighting
 + Level 5.1 Ranged Weapons
 - Level 1.7 Dodging
 - Level 5.0 Stealth
 - Level 1.1 Spellcasting
 - Level 3.6 Hexes
 - Level 1.0 Fire Magic


You had 8 spell levels left.
You didn't know any spells.
Your spell library contained the following spells:

 Spells                   Type           Power      Damage    Failure   Level
 Jinxbite                 Hex            18%        N/A       11%         2
 Sigil of Binding         Hex            9%         N/A       21%         3
 Inner Flame              Hex/Fire       6%         N/A       34%         3
 Cause Fear               Hex            4%         N/A       56%         4
 Dimensional Bullseye     Hex/Tloc       2%         N/A       80%         4


Dungeon Overview and Level Annotations

Branches:
Dungeon (5/15)             Temple (1/1) D:4

Altars:
Ashenzari
Dithmenos
Elyvilon
Fedhas
Gozag
Hepliaklqana
Kikubaaqudgha
Makhleb
Qazlal
Uskayaw
Vehumet
Wu Jian
Xom
Yredelemnul
Zin
The Shining One

Annotations:
D:3 2 transporters
D:5 Edmund


Innate Abilities, Weirdness & Mutations

You cannot be hasted, slowed, berserked, paralysed or teleported.
You can dig through walls and to a lower floor.
You have a pair of large antennae on your head. (SInv)
Your four strong arms can wield two-handed weapons with a shield.


Message History

You shoot a sling bullet. The sling bullet barely misses Edmund.
Edmund hits you with a +1 dire flail of holy wrath.
* * * LOW HITPOINT WARNING * * *
Fire: u) +5 sling of the Candelabrum {freeze, Str+4}
Press: ? - help, Shift-Dir - straight line, f/p - Edmund
Aim: Edmund, wielding a +1 dire flail of holy wrath and wearing a +0 chain mail (moderately wounded, 74% to hit)
You shoot a sling bullet. The sling bullet hits Edmund!
The sling bullet freezes Edmund.
Edmund is heavily wounded.
Edmund hits you with a +1 dire flail of holy wrath.
* * * LOW HITPOINT WARNING * * *
Edmund hits you with a +1 dire flail of holy wrath.
* * * LOW HITPOINT WARNING * * *
Fire: u) +5 sling of the Candelabrum {freeze, Str+4}
Press: ? - help, Shift-Dir - straight line, f/p - Edmund
Aim: Edmund, wielding a +1 dire flail of holy wrath and wearing a +0 chain mail (heavily wounded, 74% to hit)
Okay, then.
As you read the scroll labelled BELOEDDAQEX, it crumbles to dust.
You feel a strange sense of stasis.
It was a scroll of teleportation.
Edmund hits you with a +1 dire flail of holy wrath!
Elyvilon protects you from harm!
Okay, then.
Okay, then.
It was a potion of attraction.
You feel attractive to monsters. Edmund closely misses you.
It was a potion of magic.
Magic courses through your body.
Edmund hits you with a +1 dire flail of holy wrath.
* * * LOW HITPOINT WARNING * * *
Fire: u) +5 sling of the Candelabrum {freeze, Str+4}
Press: ? - help, Shift-Dir - straight line, f/p - Edmund
Aim: Edmund, wielding a +1 dire flail of holy wrath and wearing a +0 chain mail (heavily wounded, 74% to hit)
It was a potion of might.
You feel very mighty all of a sudden.
Edmund hits you with a +1 dire flail of holy wrath.
Elyvilon protects you from harm! Edmund attacks as he pursues you!
Edmund hits you with a +1 dire flail of holy wrath!
You die...
Edmund whines, "They better pay attention to me now!"

#.... ..###.. .......#
.>.#.?. .... ........##
....... .... <.......#
......[ .... ##.#.....##
....... ....###..##.....#
.......
#.......).#....#####......#
##..............@#.........#
.................@...#.##.##
#..........#...##..# # .
###..##...##.......#
..#...)##............#
...<.####..............
.....# ...#............
.##...#..............#..
...................#.##


You could see Edmund.

Vanquished Creatures
  An ice beast (D:5)
  An ogre (D:5)
  A scorpion (D:4)
  A bombardier beetle (D:4)
  A jelly (D:4)
  A hound (D:4)
  Jessica (D:2)
  An iguana (D:4)
  An orc wizard (D:4)
  Natasha (thrice) (D:4)
  5 adders
  2 ribbon worms
  A dart slug (D:2)
  4 orcs (D:4)
  3 bats
  4 endoplasms
  4 giant cockroaches
  6 goblins
  3 hobgoblins
  2 jackals (D:3)
  6 kobolds
  3 quokkas
  10 ball pythons
  7 frilled lizards
  6 rats
78 creatures vanquished.

Notes
Turn   | Place    | Note
-------+----------+-------------------------------------------
     0 | D:1      | Autsider the Formicid Hexslinger began the quest for the
                  | Orb.
     0 | D:1      | Reached XP level 1. HP: 15/15 MP: 2/2
    80 | D:1      | Reached skill level 1 in Stealth
   109 | D:1      | Reached XP level 2. HP: 21/21 MP: 3/3
   354 | D:1      | Found a faded altar of an unknown god.
   603 | D:2      | Reached XP level 3. HP: 26/26 MP: 4/4
   944 | D:2      | Noticed Jessica
   946 | D:2      | Killed Jessica
   947 | D:2      | Reached skill level 5 in Stealth
   947 | D:2      | Reached XP level 4. HP: 32/32 MP: 5/5
  1179 | D:2      | Found an ancient bone altar of Kikubaaqudgha.
  1544 | D:3      | Found a transporter.
  1544 | D:3      | Identified the +0 kite shield of Compression {Fly rC-
                  | Str+5}
  1544 | D:3      | Noticed a gnoll sergeant
  1545 | D:3      | Found a transporter.
  1618 | D:3      | Reached XP level 5. HP: 25/38 MP: 6/6
  1808 | D:3      | Identified the +5 sling of the Candelabrum {freeze, Str+4}
  2196 | D:4      | Found a staircase to the Ecumenical Temple.
  2209 | Temple   | Entered the Ecumenical Temple
  2217 | Temple   | Became a worshipper of Elyvilon the Healer
  2246 | D:4      | Noticed Natasha
  2250 | D:4      | Killed Natasha
  2263 | D:4      | Noticed Natasha
  2269 | D:4      | Killed Natasha
  2270 | D:4      | Reached XP level 6. HP: 36/47 MP: 7/7
  2504 | D:4      | Noticed Natasha
  2516 | D:4      | Killed Natasha
  2564 | D:4      | Reached * piety under Elyvilon
  2660 | D:4      | Reached XP level 7. HP: 54/54 MP: 8/8
  2873 | D:5      | Entered Level 5 of the Dungeon
  2891 | D:5      | Reached skill level 5 in Fighting
  2891 | D:5      | Reached skill level 5 in Ranged Weapons
  2905 | D:5      | Noticed Edmund
  2925 | D:5      | Elyvilon protects you from harm!
  2928 | D:5      | Elyvilon protects you from harm!
  2929 | D:5      | Slain by Edmund

Illustrated notes

Levels and vault maps discovered:
D:1:      ncdulo_smallfort, layout_basic, nicolae_ecumenical_lake_church,
          supply_closet_lemuel
D:2:      layout_basic, basic_altar, ebering_dispersal_statue_hall,
          minmay_3d_cube, uniq_jessica
D:3:      layout_loops_ring, gammafunk_ghost_gnarly_gnolls,
          dreamdust_princess_corridor, minmay_misc_feat_pillars,
          chequers_serial_rivers_micro_b, grunt_decor_one_mirror
D:4:      layout_cave_pools, temple_hall, uniq_natasha
D:5:      layout_cave_pools, nzn_overflow_gifts_of_might_and_magic,
          kennysheep_opposing_triangles, uniq_crazy_yiuf_cottage, uniq_edmund,
          uniq_eustachio
Temple:   nicolae_temple_x_marks_the_god

Skill      XL: |  1  2  3  4  5  6  7 |
---------------+----------------------+-----
Stealth        | 2 3 5 |  5.0
Fighting       | 3 4 5 |  5.0
Ranged Weapons | 3 4 5 |  5.1
Dodging        | |  1.7
Spellcasting   | |  1.1
Hexes          | |  3.6
Fire Magic     | |  1.0

Action                     |  1- 3 |  4- 6 |  7- 9 || total
---------------------------+-------+-------+-------++-------
   Fire: Sling             |    89 |   127 |    34 ||   250
    Use: Potion            |       |       |     3 ||     3
         Scroll            |       |       |     1 ||     1
 Armour: Robe              |     7 |    52 |    17 ||    76
  Dodge: Dodged            |    12 |    26 |     7 ||    45

Table legend: (Time is in decaauts)
 A = Elapsed time spent in this place.
 B = Non-inter-level travel time spent in this place.
 C = Inter-level travel time spent in this place.
 D = Time resting spent in this place.
 E = Time spent auto-exploring this place.
 F = Levels seen in this place.
 G = Mean time per level.
                   A        B        C        D        E       F      G
               +--------+--------+--------+--------+--------+-----+--------+
         Total |   2991 |   2770 |    221 |      0 |   2224 |   6 |  498.5 |
       Dungeon |   2974 |   2768 |    206 |      0 |   2224 |   5 |  594.8 |
        Temple |     16 |      1 |     15 |      0 |      0 |   1 |   16.0 |
               +--------+--------+--------+--------+--------+-----+--------+

Top non-repeatable levels by time:
     D:3: 867 daAuts
     D:4: 740 daAuts
     D:2: 718 daAuts
     D:1: 588 daAuts
     D:5: 59 daAuts
  Temple: 16 daAuts
